Zazza, neutral female human Tourist ------- ------ |...{..###### # ------- |....| |.....| # -----.------ |.....| |>...| ----.-- ### |..........| #......| ------------ |....| # # |..........| ###|.....| |.........*| |.{..| # ##|..........| # -.----- |....$.....| |....-# # ## |..........| # ##########|.....(....| -|----# # # |..........| # #-----|------ # # # # ### ------.----- # ### # # # # # #%# # # ### # # # # # # ### # # -----.----# ### # ############# ---.--- # |........|# # # -|-----------|-- |.....| # |........-# ## # |..............| |.....| # |......{.|# ----|----###d@f.............| |.....| ### |.........##############........|# |..............| ------- # |........| # |.......|# ---------------- # ##..........## ##...<.....# ---------- ---------# ## Zazza the Rambler Experience level: 1 Strength: 11 Dexterity: 9 Constitution: 18 Intelligence: 12 Wisdom: 7 Charisma: 18 Health: 0(10) Energy: 2(2) Def: 3 Gold: 0 Moves: 2484 Dungeon seed: c8PZdHArzKSNrBsJ Game ID: Zazza_1619096682 Your Inventory: Amulets J - a cursed amulet of unchanging Weapons a - 25 +2 darts Armor e - an uncursed +0 Hawaiian shirt (being worn) n - an uncursed +0 orcish helm (being worn) y - a blessed +1 cloak of displacement (being worn) Comestibles f - an uncursed eucalyptus leaf g - 2 uncursed eggs m - an uncursed lichen corpse w - 2 uncursed tripe rations A - 10 uncursed food rations D - 2 uncursed tins of lichen E - an uncursed food ration F - an uncursed melon Scrolls i - 2 uncursed scrolls of magic mapping j - a blessed scroll of magic mapping p - an uncursed scroll of teleportation v - an uncursed scroll of magic mapping O - an uncursed scroll of identify Y - an uncursed scroll of gold detection Potions d - a cursed potion of extra healing h - 3 uncursed potions of extra healing o - an uncursed potion of object detection u - a blessed potion of object detection B - an uncursed potion of paralysis M - an uncursed potion of extra healing Rings P - an uncursed ring of see invisible Wands s - a wand of teleportation (0:6) t - a wand of striking (0:6) U - a wand of speed monster (0:4) Tools k - an uncursed skeleton key x - an expensive camera (0:87) C - a tinning kit (0:44) L - an uncursed mirror Gems q - 2 uncursed worthless pieces of yellowish brown glass r - 2 uncursed worthless pieces of blue glass Spells and supernatural/magical abilities: Name Level Category Fail Memory W - pray for help -- divine ? -- Your skills at the end: Fighting Skills Weapon Skills dart [Basic] Spellcasting Skills Final Attributes: You were nominally aligned. You were displaced. You were fast. You are dead. Vanquished creatures: a gas spore a gnome zombie 12 jackals a kobold a goblin 4 sewer rats 5 grid bugs a bat 6 lichens 2 kobold zombies 7 newts 41 creatures vanquished. Voluntary challenges: You had followed a strict vegetarian diet until turn 1814. You never hit with a wielded weapon. You read items or engraved 12 times, starting on turn 416. You never genocided any monsters. You never polymorphed an object. You never changed form. You used no wishes. You never split a pudding. You wrote Elbereth's name 10 times, starting on turn 416. You never violated your personal moral code. Dungeon overview: The Dungeons of Doom: levels 1 to 3 Level 1 an altar to The Lady, a fountain a long staircase Level 2 a general store Level 3 <- You were here a general store, some fountains History has recorded: On T:1 you entered the Dungeons of Doom to retrieve the Amulet of Yendor! On T:504 you reached level 2 of The Dungeons of Doom. On T:1860 you reached level 3 of The Dungeons of Doom. Score breakdown: Gold: 0 ( 0 points) Experience: 1 level ( 0 points) Exploration: 3 levels ( 6.00%) ( 6060 points) Discoveries: 13 items ( 4.36%) ( 6265 points) Valuables value: (no points given unless you survive) Artifact value: 0 ( 0 points) Variety of kills: 11 monsters ( 2.89%) ( 5097 points) Turncount: 2484 turns ( -321 points) Survival: died (score multiplied by 80%) Total score: 13680 Latest messages: You drop a stone called flintstone. Kabalebo seems uninterested. You stop. Armand is in the way! You see here 871 gold pieces. You drop 7 gold pieces. 7 zorkmids are added to your credit. Kabalebo encourages you to use your 49 zorkmids of credit. You hear the splashing of a naiad. Where do you want to travel to? You displace Armand. You stop travelling. The fox bites! You displace Armand. You hear some noises. You displace Armand. The fox misses. (2x) You displace Armand. The fox bites! You hit the fox. The fox bites! You stop. Armand is in the way! The fox bites! You die... Final status: Aloha Zazza the Tourist, killed by a fox... You died in The Dungeons of Doom on dungeon level 3 with 13680 points, and 0 pieces of gold, after 2484 moves. You were level 1 with a maximum of 10 hit points when you died.